 Dungeon Crawl Stone Soup version 0.32-a0-7-ge934b4519a (webtiles) character file.

Game seed: 3554724265944033767

63406 jasper the Covert (level 14, -5/81 HPs)
             Began as an Armataur Brigand on Jan 13, 2024.
             Was the Champion of Dithmenos.
             Killed from afar by a starcursed mass (8 damage)
             ... with an accursed screaming
             ... on level 2 of the Abyss.
             The game lasted 00:57:10 (23269 turns).

jasper the Covert (Armataur Brigand)               Turns: 23269, Time: 00:57:10

Health: -5/81      AC: 15    Str: 14    XL:     14   Next: 67%
Magic:  18/18      EV:  5    Int: 10    God:    Dithmenos [******]
Gold:   345        SH: 16    Dex: 14    Spells: 13/13 levels left

rFire   . . .        S - +1 scimitar (flame)
rCold   + . .        t - +3 tower shield {reflect}
rNeg    . . .        W - +0 troll leather armour
rPois   .            M - +2 helmet {Int+3}
rElec   .            c - +0 cloak
rCorr   +            j - +2 pair of gloves
SInv    +            y - +0 barding
Will    +....        K - amulet "Colacoz" {rC+ Regen+}
Stlth   ++++++++++   v - ring of see invisible
HPRegen 0.00/turn    k - ring of resist corrosion
MPRegen 0.49/turn

%: reflection, roll
@: inhibited regen, wreathed by umbra, studying Stealth
A: large, deformed body, tough skin 3, armoured tail, roll 2, [clumsy 2], [dopey
2], [frail 3], [low MP 2], [inhibited regeneration], ([teleportitis 1]), [weak
1], [inability to read after injury 2]
a: Renounce Religion, Shadow Step, Shadow Form


You were on level 2 of the Abyss.
You worshipped Dithmenos.
Dithmenos was exalted by your worship.
You visited 5 branches of the dungeon, and saw 22 of its levels.
You visited the Abyss 1 time.
You also visited: Gauntlet.

You collected 2892 gold pieces.
You spent 2547 gold pieces at shops.

Inventory:

Hand Weapons
 n - a +1 dagger of venom
 S - a +1 scimitar of flaming (weapon)
Missiles
 a - 6 silver javelins
 d - 54 poisoned darts (quivered)
 e - 2 curare-tipped darts
 s - 5 throwing nets
 O - 21 boomerangs
Armour
 c - a +0 cloak (worn)
 j - a +2 pair of gloves (worn)
 t - a +3 tower shield of reflection (worn)
 y - a +0 barding (worn)
 M - a +2 helmet of intelligence (worn)
 W - a +0 troll leather armour (worn)
Jewellery
 k - a ring of resist corrosion (right hand)
 v - a ring of see invisible (left hand)
 K - the amulet "Colacoz" (around neck) {rC+ Regen+}
   (You found it on level 9 of the Dungeon)

   [amulet of regeneration]

   rC+:       It protects you from cold.
   Regen+:    It increases your rate of health regeneration.
 Z - a ring of poison resistance
Wands
 b - a wand of flame (17)
 q - a wand of digging (5)
 u - a wand of polymorph (2)
 R - a wand of light (3)
 U - a wand of paralysis (8)
Scrolls
 l - 2 scrolls of noise
 m - 2 scrolls of amnesia
 p - 10 scrolls of teleportation
 r - 2 scrolls of identify
 x - 6 scrolls of revelation
 C - 4 scrolls of enchant weapon
 E - 3 scrolls of fear
 G - 2 scrolls of vulnerability
 H - a scroll of blinking
 J - a scroll of immolation
 L - a scroll of silence
 P - 4 scrolls of poison
 X - a scroll of summoning
Potions
 f - 4 potions of haste
 g - a potion of mutation
 w - 2 potions of enlightenment
 z - 9 potions of curing
 A - a potion of ambrosia
 D - 4 potions of might
 I - 3 potions of lignification
 N - 2 potions of attraction
 Q - 2 potions of resistance
 T - a potion of magic
 V - a potion of invisibility
 Y - a potion of cancellation
Miscellaneous
 h - a phantom mirror
 i - a box of beasts
 F - a lightning rod (inert)


   Skills:
 + Level 8.3 Fighting
 - Level 8.0(11.5) Short Blades
 - Level 13.1(14.0) Long Blades
 - Level 5.0 Throwing
 - Level 6.0 Dodging
 + Level 14.5 Stealth
 * Level 3.6 Shields
 - Level 11.3 Invocations


You had 13 spell levels left.
You didn't know any spells.
Your spell library contained the following spells:

 Spells                   Type           Power      Damage    Failure   Level
 Freeze                   Ice            0%         1d3       100%        1
 Shock                    Conj/Air       0%         1d3       100%        1
 Cigotuvi's Dreadful Rot  Necr/Alch/Air  0%         N/A       100%        2
 Scorch                   Fire           0%         2d5       100%        2
 Frozen Ramparts          Ice            0%         1d1       100%        3
 Gell's Gravitas          Tloc           0%         N/A       100%        3
 Hailstorm                Conj/Ice       0%         3d5       100%        3
 Inner Flame              Hex/Fire       0%         N/A       100%        3
 Swiftness                Air            0%         N/A       100%        3
 Teleport Other           Tloc           0%         N/A       100%        3
 Tukima's Dance           Hex            0%         N/A       100%        3
 Airstrike                Air            0%         2d(0-16)  100%        4
 Animate Armour           Summ/Erth      0%         N/A       100%        4
 Cause Fear               Hex            0%         N/A       100%        4
 Flame Wave               Conj/Fire      0%         2d4       100%        4
 Manifold Assault         Tloc           0%         N/A       100%        4
 Passage of Golubria      Tloc           0%         N/A       100%        4
 Summon Lightning Spire   Summ/Air       0%         N/A       100%        4
 Fireball                 Conj/Fire      0%         3d3       100%        5
 Irradiate                Conj/Alch      0%         3d11      100%        5
 Lee's Rapid Deconstruct  Erth           0%         3d4*      100%        5
 Yara's Violent Unravell  Hex/Alch       0%         3d3       100%        5
 Dispersal                Tloc           0%         N/A       100%        6
 Summon Cactus Giant      Summ           0%         N/A       100%        6
 Disjunction              Tloc           0%         N/A       100%        8
 Ignition                 Fire           0%         3d3       100%        8
 Dragon's Call            Summ           0%         N/A       100%        9


Dungeon Overview and Level Annotations

Branches:
Dungeon (13/15)            Temple (1/1) D:5            Lair (5/5) D:8
  Swamp (0/4) Lair:2        Snake (1/4) Lair:2        Slime (0/5) Lair:4
    Orc (2/2) D:9             Elf (0/3) Orc:2       Gauntlet (visited)
 Vaults: D:13-14

Altars:
Ashenzari
Cheibriados
Dithmenos
Elyvilon
Fedhas
Gozag
Hepliaklqana
Kikubaaqudgha
Makhleb
Nemelex Xobeh
Okawaru
Qazlal
Ru
Sif Muna
Trog
Uskayaw
Vehumet
Wu Jian
Xom
Yredelemnul
Zin
The Shining One
Jiyva

Shops:
D:2 *   D:4 ::   D:6 *   D:7 (   D:8 ?*:=   Orc:1 (   Orc:2 [[[:

Annotations:
D:6 2 transporters, avis's ghost, novice FeWr
D:10 3 runed translucent doors, olddryhag's ghost, journeyman GnWn
D:13 Erolcha
Orc:2 exclusion: door


Innate Abilities, Weirdness & Mutations

Armour fits poorly on your strangely shaped body.
You have extremely tough skin. (AC +3)
You have a long armoured tail.
You regenerate magic and health when rolling toward enemies. (Rampage Regen)
[You are very clumsy. (Dex -4)]
[You are very dopey. (Int -4)]
[You are extremely frail. (-30% HP)]
[Your magical capacity is very low. (-20% MP)]
[You do not regenerate when monsters are visible.]
[((You are occasionally teleported next to monsters.))]
[You are weak. (Str -2)]
[You sometimes lose the ability to read scrolls when taking damage.]


Message History

The weeping skull releases gushing sobs.
The wave of grief passes through you. You block the ufetubus's attack. x2
You feel the corruption within you wane somewhat.
Your urge to scream lessens.
You lose the ability to drink potions when taking damage less often.
You no longer become unable to drink potions after taking damage.
Your urge to shout disappears.
You feel stable.
You feel stronger.
You take 1 damage, and have 36/81 hp.
You closely miss the ufetubus.
Your tail-slap misses the ufetubus.
You can read scrolls again.
You block the ufetubus's attack. x2
A chorus of shrieks assaults your mind.
You block the ufetubus's attack. x2; The ufetubus barely misses you.
The ufetubus hits you but does no damage.
You take 9 damage, and have 27/81 hp.
You slash the ufetubus! You burn the ufetubus.
You kill the ufetubus!
The ufetubus disappears in a puff of smoke!
The ufetubus hits you.
The ufetubus hits you but does no damage.
A chorus of shrieks assaults your mind.
* * * LOW HITPOINT WARNING * * *
You take 10 damage, and have 17/81 hp.
You slash the ufetubus! You burn the ufetubus.
You kill the ufetubus!
The ufetubus disappears in a puff of smoke!
The ynoxinul gestures.
You hit the starcursed mass. You burn the starcursed mass.
You tail-slap the starcursed mass.
The starcursed mass is heavily damaged.
The starcursed mass shudders and is absorbed by its neighbour.
A starcursed mass splits.
A deafening chorus of shrieks assaults your mind!
* * * LOW HITPOINT WARNING * * *
You take 14 damage, and have 3/81 hp.
You roll towards the starcursed mass!
You hit the starcursed mass but do no damage.
The starcursed mass is moderately damaged.
A deafening chorus of shrieks assaults your mind!
You die...

...... ..# ......
.. ...... ##.....
.# #... .5
..###.... .#
#......○...#....#
..## # ... #○.#
.5. .# .#.#.# ..
#°.°53X.#. .##
..... . ### ##°5
##5.#.#.#.# .
##.#X##z##...# .
##XX.3XX@..#
##X##.##.##
########


You could see 6 starcursed masses, a ynoxinul, a weeping skull and 2 ufetubi.

Vanquished Creatures
  Gastronok (Lair:1)
  An orc warlord (Orc:2)
  A minotaur (Gauntlet)
  A fire dragon (Lair:4)
  Josephine (D:10)
  Harold (D:10)
  A hydra (Lair:3)
  A centaur warrior (D:13)
  2 catoblepae (Lair:5)
  Erica (D:10)
  3 two-headed ogres
  3 orc high priests (Orc:2)
  2 wretched stars (Abyss:2)
  2 skysharks
  A large abomination (Abyss:2)
  An arcanist (Gauntlet)
  A swamp dragon (Lair:2)
  5 orc knights
  A deep elf pyromancer (D:12)
  3 orc sorcerers (Orc:2)
  2 manticores (D:12)
  2 kobold blastminers
  An elephant (Lair:5)
  7 black mambas
  A gargoyle (D:13)
  2 smoke demons (Abyss:2)
  6 cane toads
  2 minotaur zombies (Gauntlet)
  11 rime drakes
  2 unseen horrors (D:10)
  7 komodo dragons
  Psyche (D:10)
  4 trolls
  4 polar bears
  A tarantella (shapeshifter) (Abyss:2)
  5 hornets
  19 blink frogs
  8 wraiths
  Sigmund (D:5)
  A vampire (D:7)
  14 spriggans (Lair:5)
  11 wyverns
  2 wargs (Orc:2)
  40 yaks
  2 basilisks
  12 steam dragons
  3 nagas (Lair:2)
  An acid dragon (D:11)
  18 water moccasins
  5 black bears
  An ice beast (D:6)
  3 sky beasts
  A swamp drake (Lair:2)
  16 orc warriors
  5 ogres
  2 small abominations (Abyss:2)
  4 boggarts (Lair:5)
  6 centaurs
  44 wolves
  2 phantoms (D:5)
  5 kobold brigands
  6 bullfrogs
  2 gnoll sergeants
  2 scorpions
  A wight (D:7)
  11 killer bees
  8 howler monkeys
  5 electric eels
  3 bombardier beetles
  A crimson imp (D:8)
  2 gnoll boudas
  3 hounds
  21 orc priests
  4 jellies
  3 starcursed masses (Abyss:2)
  Crazy Yiuf (D:4)
  An iron imp (Gauntlet)
  4 iguanas
  23 orc wizards
  Robin (D:4)
  17 gnolls
  10 adders
  3 shadow imps
  5 white imps
  5 ufetubi
  6 ribbon worms
  A dart slug (D:3)
  91 orcs
  4 endoplasms
  2 giant cockroaches
  16 goblins
  4 hobgoblins
  8 jackals (D:3)
  14 kobolds
  3 quokkas
  5 ball pythons
  6 bats
  4 frilled lizards
  A goblin skeleton (D:8)
  A goblin zombie (D:8)
  3 hobgoblin zombies (D:8)
  A kobold skeleton (D:8)
  A kobold zombie (D:8)
  2 orc skeletons (D:8)
  6 rats
638 creatures vanquished.

Vanquished Creatures (collateral kills)
  A bombardier beetle (D:4)
  An orc wizard (D:4)
  An orc (D:4)
3 creatures vanquished.

Vanquished Creatures (others)
  A human (D:8)
  An orc priest (Orc:2)
  2 jellies (Lair:4)
  An orc (D:9)
  A kobold (D:9)
6 creatures vanquished.

Grand Total: 647 creatures vanquished

Notes
Turn   | Place    | Note
-------+----------+-------------------------------------------
     0 | D:1      | jasper the Armataur Brigand began the quest for the Orb.
     0 | D:1      | Reached XP level 1. HP: 17/17 MP: 1/1
   347 | D:1      | Reached XP level 2. HP: 14/24 MP: 2/2
   907 | D:2      | Identified the +3 ring mail of the New World {-Tele rPois
                  | rF+ MP+9}
   932 | D:2      | Reached XP level 3. HP: 8/29 MP: 3/3
  1355 | D:2      | Found Qoettapt's Assorted Antiques.
  1366 | D:2      | Bought a scroll labelled DEURAR ONNAS for 22 gold pieces
  1366 | D:2      | Bought a scroll labelled HYIZAUS XISE for 22 gold pieces
  1366 | D:2      | Bought a scroll labelled XOERI JIASEUPA for 22 gold pieces
  1366 | D:2      | Bought a fuming pink potion for 19 gold pieces
  1366 | D:2      | Bought a sapphire potion for 19 gold pieces
  1676 | D:3      | Reached XP level 4. HP: 34/36 MP: 4/4
  1810 | D:3      | Identified the +0 robe of Privacy {rPois}
  2028 | D:3      | Reached XP level 5. HP: 41/41 MP: 5/5
  2125 | D:3      | You fall into a shaft and drop 1 floor!
  2126 | D:4      | Noticed Robin
  2137 | D:4      | Reached skill level 5 in Short Blades
  2143 | D:4      | Killed Robin
  2328 | D:4      | Found Osken's Book Shop.
  2688 | D:3      | Reached XP level 6. HP: 47/48 MP: 6/6
  2878 | D:4      | Found a blossoming altar of Fedhas.
  2878 | D:4      | Found a stormy altar of Qazlal.
  3058 | D:4      | Found a shimmering blue altar of Sif Muna.
  3070 | D:4      | Got Sif Muna's Vademecum on Exhalation
  3082 | D:4      | Noticed an orc warrior
  3094 | D:4      | Killed an orc warrior
  3095 | D:4      | Gained mutation: You regenerate magic and health when
                  | rolling toward enemies. (Rampage Regen) [Armataur growth]
  3095 | D:4      | Reached XP level 7. HP: 28/53 MP: 3/7
  3187 | D:4      | Found a bloodstained altar of Trog.
  3244 | D:4      | Found Caq Janu's Book Shoppe.
  3490 | D:4      | Found a runed translucent door.
  3491 | D:4      | Noticed Crazy Yiuf
  3798 | D:4      | Killed Crazy Yiuf
  3866 | D:5      | Entered Level 5 of the Dungeon
  3883 | D:5      | Noticed Sigmund
  3885 | D:5      | Found a staircase to the Ecumenical Temple.
  3891 | Temple   | Entered the Ecumenical Temple
  3903 | D:5      | Killed Sigmund
  4153 | D:5      | Reached skill level 1 in Dodging
  4266 | D:5      | Reached skill level 5 in Stealth
  4346 | D:6      | Reached XP level 8. HP: 50/61 MP: 8/8
  4520 | D:6      | Found Pemyk's Gadget Gallery.
  4590 | D:6      | Noticed avis's ghost (novice FeWr)
  4604 | D:6      | Found a radiant altar of Vehumet.
  4607 | D:6      | Found a snail-covered altar of Cheibriados.
  4609 | D:6      | Found a white marble altar of Elyvilon.
  4620 | D:6      | Reached skill level 6 in Stealth
  5145 | D:6      | Found a transporter.
  5156 | D:6      | Found a transporter.
  5244 | D:6      | Found a burning altar of Makhleb.
  5302 | D:6      | Found a sacrificial altar of Ru.
  5352 | D:7      | Found a shadowy altar of Dithmenos.
  5360 | D:7      | Became a worshipper of Dithmenos the Shadowed
  5412 | D:7      | Reached skill level 7 in Stealth
  5547 | D:7      | Reached XP level 9. HP: 37/71 MP: 6/9
  5749 | D:7      | Reached * piety under Dithmenos
  5827 | D:8      | Reached skill level 8 in Stealth
  6174 | D:8      | Found a glowing golden altar of the Shining One.
  6298 | D:8      | Found a staircase to the Lair.
  6345 | D:8      | Reached skill level 9 in Stealth
  6372 | D:8      | Found Xumirym's General Store.
  6378 | D:8      | Reached ** piety under Dithmenos
  6403 | D:8      | Found Kyxeqo's Jewellery Shoppe.
  6507 | D:8      | Found Nusalecim's Book Boutique.
  6613 | D:8      | Found Neroemp's Magic Scroll Emporium.
  6621 | D:8      | Bought a scroll of fear for 56 gold pieces
  6621 | D:8      | Bought 3 scrolls of teleportation for 126 gold pieces
  6621 | D:8      | Bought a scroll of immolation for 56 gold pieces
  6621 | D:8      | Bought a scroll of vulnerability for 56 gold pieces
  6641 | D:8      | Found an ancient bone altar of Kikubaaqudgha.
  7491 | D:5      | Reached skill level 5 in Fighting
  7699 | D:7      | Found Hetwuu's Antique Weapon Shop.
  7781 | D:7      | Reached skill level 5 in Throwing
  7781 | D:7      | Reached XP level 10. HP: 80/81 MP: 10/10
  7860 | D:7      | Reached skill level 10 in Stealth
  7942 | D:7      | Noticed a two-headed ogre
  7942 | D:7      | Noticed a two-headed ogre
  7996 | D:9      | Identified the amulet "Colacoz" {rC+ Regen+}
  8091 | D:9      | Reached *** piety under Dithmenos
  8141 | D:9      | Reached skill level 1 in Invocations
  8539 | D:9      | Reached skill level 11 in Stealth
  8542 | D:9      | Found a staircase to the Orcish Mines.
  8606 | D:9      | Reached **** piety under Dithmenos
  9062 | D:9      | Found a hazy altar of Hepliaklqana.
  9398 | D:10     | Entered Level 10 of the Dungeon
  9454 | D:10     | Found a broken altar of Ashenzari.
  9496 | D:10     | Noticed Josephine
  9501 | D:10     | Killed Josephine
  9504 | D:10     | Reached skill level 5 in Dodging
  9504 | D:10     | Reached skill level 12 in Stealth
  9633 | D:10     | Reached XP level 11. HP: 91/91 MP: 13/13
  9687 | D:10     | Noticed Psyche
  9691 | D:10     | Killed Psyche
  9707 | D:10     | Found a runed translucent gate.
  9708 | D:10     | Found a runed translucent gate.
  9709 | D:10     | Found a runed translucent gate.
  9709 | D:10     | Noticed olddryhag's ghost (journeyman GnWn)
 10003 | D:10     | Noticed Erica
 10007 | D:10     | Killed Erica
 10008 | D:10     | Reached skill level 13 in Stealth
 10094 | D:10     | Noticed Harold
 10117 | D:10     | Killed Harold
 11051 | Lair:1   | Entered Level 1 of the Lair of Beasts
 11089 | Lair:1   | Noticed Gastronok
 11149 | Lair:1   | Reached skill level 14 in Stealth
 11210 | Lair:1   | Killed Gastronok
 11452 | Lair:1   | Reached XP level 12. HP: 58/101 MP: 14/14
 11665 | Lair:1   | Reached skill level 5 in Long Blades
 11967 | Lair:2   | Reached ***** piety under Dithmenos
 12768 | Lair:2   | Found a staircase to the Snake Pit.
 13171 | Lair:2   | Found a staircase to the Swamp.
 13353 | Snake:1  | Entered Level 1 of the Snake Pit
 13693 | Lair:3   | Noticed a seven-headed hydra
 13710 | Lair:3   | Killed a four-headed hydra
 13762 | Lair:3   | Reached skill level 10 in Long Blades
 14348 | Lair:3   | Reached XP level 13. HP: 107/107 MP: 15/15
 15088 | Orc:1    | Entered Level 1 of the Orcish Mines
 15233 | Orc:1    | Reached ****** piety under Dithmenos
 15531 | Orc:1    | Found Hitep's Weapon Shop.
 15673 | Orc:2    | Entered Level 2 of the Orcish Mines
 15689 | Orc:2    | Found a gate leading to a gauntlet.
 15690 | Orc:2    | Found a staircase to the Elven Halls.
 15698 | Gauntlet | Entered a Gauntlet
 15698 | Gauntlet | Found a transporter.
 15698 | Gauntlet | Found a transporter.
 15699 | Gauntlet | Found a transporter.
 15702 | Gauntlet | Found a transporter.
 15704 | Gauntlet | Found a transporter.
 15713 | Gauntlet | Found a transporter.
 15719 | Gauntlet | Found a transporter.
 15721 | Gauntlet | Found a transporter.
 15734 | Gauntlet | Found a transporter.
 15756 | Gauntlet | Found a transporter.
 15781 | Gauntlet | Found a transporter.
 15856 | Gauntlet | Found a transporter.
 16030 | Gauntlet | Identified the +13 plate armour of the Constellations {+Inv
                  | Int+2}
 16089 | Gauntlet | Noticed a minotaur
 16105 | Gauntlet | Killed a minotaur
 16445 | Orc:2    | Found a shimmering blue altar of Sif Muna.
 16757 | Orc:2    | Noticed an orc warlord
 17130 | Orc:2    | Killed an orc warlord
 18232 | Orc:2    | Reached skill level 5 in Invocations
 18274 | Orc:2    | Found Pireps's Book Shoppe.
 18274 | Orc:2    | Found Bycei's Armour Shop.
 18277 | Orc:2    | Found Jelugoic's Armour Shoppe.
 18277 | Orc:2    | Found Kuehus Xee's Armour Shop.
 18289 | Orc:2    | Bought a +1 tower shield of reflection for 229 gold pieces
 19113 | Lair:4   | Noticed a fire dragon
 19120 | Lair:4   | Killed a fire dragon
 19154 | Lair:4   | Found a staircase to the Slime Pits.
 19168 | Lair:4   | Found a viscous altar of Jiyva.
 19483 | Lair:4   | Reached XP level 14. HP: 93/115 MP: 19/19
 19903 | Lair:4   | Identified the +5 plate armour "Araj" {Str-4 Dex+7}
 19975 | Lair:5   | Entered Level 5 of the Lair of Beasts
 20100 | Lair:5   | Identified the +1 leather armour "Xataad" {+Inv rPois
                  | Will-}
 20606 | Lair:4   | Paralysed by a hornet for 3 turns
 20866 | Lair:5   | Reached skill level 10 in Invocations
 21497 | Lair:5   | Paralysed by a hornet for 1 turns
 21503 | Lair:5   | Paralysed by a hornet for 3 turns
 21865 | D:8      | Bought a manual of Stealth for 880 gold pieces
 21964 | D:6      | Bought a lightning rod (4/4) for 520 gold pieces
 21964 | D:6      | Bought a phantom mirror for 520 gold pieces
 22204 | D:12     | Reached skill level 1 in Shields
 23064 | D:13     | Noticed Erolcha
 23082 | Abyss:2  | Cast into level 2 of the Abyss (Erolcha)
 23083 | Abyss:2  | Found a corrupted altar of Lugonu.
 23114 | Abyss:2  | Found a corrupted altar of Lugonu.
 23268 | Abyss:2  | HP: 3/81 [starcursed mass/accursed screaming (14)]
 23269 | Abyss:2  | Killed from afar by a starcursed mass

Illustrated notes

Levels and vault maps discovered:
D:1:      lemuel_arrival_hallway, layout_basic
D:2:      layout_rooms, serial_shops, shop, nicolae_wormholes
D:3:      layout_loops_corners
D:4:      nicolae_cairo_tiling, layout_basic,
          grunt_temple_overflow_forces_of_nature,
          nzn_overflow_gifts_of_might_and_magic, serial_shops,
          nicolae_shop_stone, shop, uniq_robin, uniq_crazy_yiuf_cottage
D:5:      layout_rooms, minmay_temple_entry_wispy,
          hangedman_decor_diamond_cutter, ebering_dispersal_statue_hall,
          chequers_serial_rivers_room_b, grunt_ministairs_7, uniq_sigmund
D:6:      layout_cave_pools, makhleb_grotto_becter, nicolae_ru_path_of_blood,
          grunt_temple_overflow_open, gammafunk_ghost_gnarly_gnolls,
          nicolae_shop_gadgets
D:7:      minmay_the_grid_octo_triangle [minmay_the_grid_octo_odd_swirl,
          minmay_the_grid_octo_prize_big_c, minmay_the_grid_octo_pinwheel],
          layout_rooms, mainiacjoe_overflow_tiny_flanked, serial_shops,
          nicolae_shop_peninsula
D:8:      wander_river, layout_rooms, nicolae_tso_besieged_by_evil,
          tgw_kikubaaqudgha, lair_entry_dummy, serial_shops, shop,
          nicolae_shop_pleasant_corner_grove, shop, nicolae_shop_rolling_square,
          minmay_diced_spiral
D:9:      layout_layer_cave, nicolae_hepliaklqana_hippocampus,
          hiddenorc2_lemuel, serial_bayou, serial_bayou_crossing,
          serial_bayou_pond_a, serial_bayou_lake_a, serial_bayou_pond_c
D:10:     layout_loops_ring, ashenzari_altar_1, gammafunk_ghost_nasty_kobolds,
          uniq_erica, uniq_harold, uniq_josephine, uniq_psyche
D:11:     layout_basic
D:12:     layout_layer_cave
D:13:     layout_roguey, serial_shops, shop_fountains, nicolae_shop_peninsula,
          nicolae_shop_competitors_out_of_business, uniq_erolcha
Temple:   pf_temple_reverse_labyrinth
Lair:1:   layout_roguey, beast_lair_carwin_2, uniq_gastronok
Lair:2:   layout_roguey, mainiacjoe_swamp_entry_lozenge_pond,
          nicolae_snake_entry_squirm
Lair:3:   layout_layer_cave, minivault_11, grunt_megastairs_1
Lair:4:   layout_loops_ring, nicolae_slime_entry_field_trip,
          bobbens_dragon_lair_wall
Lair:5:   minmay_lair_end_enchanted_forest, layout_regular_city,
          wad_woods_river_01
Snake:1:  layout_rooms, serial_shops, nicolae_shop_real_fake_doors
Orc:1:    layout_diamond_mine, serial_shops, shop
Orc:2:    grunt_orc_tribal_feast, layout_caves, gauntlet_entry_generic,
          nicolae_orc_beogh_chapel, led_sif_book
Abyss:2:  base:
Orc:2

Skill      XL: |  1  2  3  4  5  6  7  8  9 10 11 12 13 14 |
---------------+-------------------------------------------+-----
Short Blades   | 2 3 4 5 7 8 |  8.0
Fighting       | 2 3 5 6 8 |  8.3
Throwing       | 2 3 5 |  5.0
Dodging        | 1 2 3 5 6 |  6.0
Stealth        | 5 7 9 12 14 | 14.5
Invocations    | 3 7 11 | 11.3
Long Blades    | 4 10 13 | 13.1
Shields        | 3 |  3.6

Action                     |  1- 3 |  4- 6 |  7- 9 | 10-12 | 13-15 || total
---------------------------+-------+-------+-------+-------+-------++-------
  Melee: Dagger            |   114 |   153 |   519 |   709 |   254 ||  1749
         Tailslap          |    18 |    26 |   101 |   184 |   175 ||   504
         Punch             |       |     1 |    10 |    12 |     7 ||    30
         Long sword        |       |       |    40 |    28 |       ||    68
         Scimitar          |       |       |       |   210 |   627 ||   837
  Throw: Dart              |    15 |     1 |    23 |    34 |    42 ||   115
         Throwing net      |       |       |       |       |     3 ||     3
 Invoke: Shadow Form       |       |       |       |       |     1 ||     1
  Evoke: Wand              |       |       |       |       |    16 ||    16
         Box of beasts     |       |       |       |       |     1 ||     1
         Lightning rod     |       |       |       |       |     4 ||     4
    Use: Scroll            |     6 |     7 |     5 |     9 |    12 ||    39
         Potion            |       |       |     2 |     2 |     6 ||    10
   Stab: Sleeping          |     9 |     8 |     9 |    47 |    39 ||   112
         Distracted        |       |     1 |     1 |     5 |     5 ||    12
         Invisible         |       |       |     2 |       |     3 ||     5
         Confused          |       |       |       |     1 |       ||     1
         Fleeing           |       |       |       |     1 |       ||     1
         Held in net/web   |       |       |       |       |     3 ||     3
         Petrified         |       |       |       |       |     5 ||     5
 Armour: Robe              |    56 |    70 |   295 |   224 |       ||   645
         Skin              |       |       |    20 |       |       ||    20
         Troll leather arm |       |       |       |   388 |   808 ||  1196
  Dodge: Dodged            |    30 |    43 |   268 |   513 |   272 ||  1126
  Block: Tower shield      |       |       |       |       |   417 ||   417
         Reflection        |       |       |       |       |    10 ||    10

Table legend: (Time is in decaauts)
 A = Elapsed time spent in this place.
 B = Non-inter-level travel time spent in this place.
 C = Inter-level travel time spent in this place.
 D = Time resting spent in this place.
 E = Time spent auto-exploring this place.
 F = Levels seen in this place.
 G = Mean time per level.
                   A        B        C        D        E       F      G
               +--------+--------+--------+--------+--------+-----+--------+
         Total |  22669 |  20917 |   1752 |   1978 |  12641 |  24 |  944.5 |
       Dungeon |  12545 |  11423 |   1122 |    364 |   8119 |  13 |  965.0 |
        Temple |      3 |      3 |      0 |      0 |      0 |   1 |    3.0 |
          Lair |   6807 |   6399 |    408 |    906 |   3432 |   5 | 1361.4 |
     Snake Pit |      1 |      1 |      0 |      0 |      0 |   1 |    1.0 |
  Orcish Mines |   2560 |   2339 |    221 |    558 |    934 |   2 | 1280.0 |
         Abyss |    188 |    188 |      0 |      0 |      0 |   1 |  188.0 |
      Gauntlet |    561 |    561 |      0 |    149 |    156 |   1 |  561.0 |
               +--------+--------+--------+--------+--------+-----+--------+

Top non-repeatable levels by time:
   Orc:2: 1799 daAuts
  Lair:5: 1590 daAuts
  Lair:2: 1526 daAuts
     D:9: 1462 daAuts
  Lair:4: 1459 daAuts
  Lair:3: 1364 daAuts
     D:7: 1256 daAuts
     D:4: 1251 daAuts
     D:8: 1158 daAuts
    D:10: 1143 daAuts
     D:6: 1065 daAuts
     D:3: 1036 daAuts
    D:12: 986 daAuts
     D:5: 922 daAuts
     D:2: 868 daAuts
